 Dungeon Crawl Stone Soup version 0.21-a0-426-g98080a9 (webtiles) character file.

14 Ijustatesigmund the Sneak (level 2, 0/18 HPs)
             Began as an Octopode Enchanter on Nov 7, 2017.
             Slain by a jackal (3 damage)
             ... on level 1 of the Dungeon.
             The game lasted 00:00:50 (238 turns).

Ijustatesigmund the Sneak (Octopode Enchanter)       Turns: 238, Time: 00:00:52

Health: 0/18       AC:  1    Str:  7    XL:     2   Next: 45%
Magic:  4/5        EV: 13    Int: 17    God:
Gold:   16         SH:  3    Dex: 12    Spells: 2/5 levels left

rFire    . . .     SeeInvis .   a - +1 dagger
rCold    . . .     Gourm    .   (no shield)
rNeg     . . .     Faith    .   (helmet restricted)
rPois    .         Spirit   .   g - +3 amulet of reflection
rElec    .         Reflect  +   (no ring)
rCorr    .         Harm     .   (no ring)
MR       .....                  (no ring)
Stlth    +++.......             (no ring)
HPRegen  0.06/turn              (no ring)
MPRegen  0.09/turn              (no ring)
                                (no ring)
                                (no ring)

@: no status effects
A: almost no armour, stealthy swim, amphibious, 8 rings, constrict 8, camouflage
1, gelatinous body 1
a: no special abilities


You were on level 1 of the Dungeon.
You were not hungry.

You visited 1 branch of the dungeon, and saw 1 of its levels.

You collected 16 gold pieces.

Inventory:

Hand Weapons
 a - a +1 dagger (weapon)
Jewellery
 g - a +3 amulet of reflection (around mantle)
Scrolls
 d - a scroll of identify {unknown}
 e - 2 scrolls of remove curse {unknown}
Books
 b - a book of Maledictions

   Spells                             Type                      Level
   a - Corona                         Hexes                        1
   b - Ensorcelled Hibernation        Hexes/Ice                    2
   c - Confuse                        Hexes                        3
   d - Tukima's Dance                 Hexes                        3
   e - Dazzling Spray                 Conjuration/Hexes            3
Comestibles
 c - a bread ration
 f - a meat ration


   Skills:
 + Level 1.3 Fighting
 + Level 1.8 Short Blades
 - Level 2.0 Dodging
 - Level 4.0 Stealth
 - Level 2.0 Spellcasting
 - Level 3.0 Hexes


You had 2 spell levels left.
You knew the following spells:

 Your Spells              Type           Power        Failure   Level  Hunger
a - Corona                Hex            ##.....      5%          1    #......
b - Ensorcelled Hibernat  Hex/Ice        #.....       16%         2    ###....


Dungeon Overview and Level Annotations

Branches:
Dungeon (1/15)

Altars:


Innate Abilities, Weirdness & Mutations

You cannot wear most types of armour.
You are very stealthy in the water. (Stealth+)
You are amphibious.
You can wear up to eight rings at the same time.
You can use your tentacles to constrict eight enemies at once.
Your skin changes colour to match your surroundings (Stealth+).
Your rubbery body absorbs attacks. (AC +1, EV +1)


Message History

The jackal misses you.
You hit the jackal but do no damage. Your grab misses the jackal.
The jackal is heavily wounded.
The jackal bites you but does no damage.
You hit the jackal but do no damage. You grab the jackal.
The jackal is heavily wounded.
You constrict the jackal, but do no damage.
The jackal closely misses you.
You hit the jackal but do no damage.
The jackal is heavily wounded.
You constrict the jackal, but do no damage.
The jackal bites you.
* * * LOW HITPOINT WARNING * * *
You hit the jackal.
The jackal is severely wounded.
You constrict the jackal, but do no damage.
The jackal stops glowing.
The jackal bites you.
* * * LOW HITPOINT WARNING * * *
The jackal bites you.
You die...

#.........##..#..#
#.........##..#..#
#.........##..#..#
#.........##..#..#
#.....†...##.....#
#...)...).##.#...#
#.........##.....#
#.........####..##
#.........'h@..>#
#.........#######
#####.##### #. #.


You could see a jackal.

Vanquished Creatures
  A leopard gecko (D:1)
  A giant cockroach (D:1)
  2 hobgoblins (D:1)
  3 jackals (D:1)
  A bat (D:1)
  A goblin (D:1)
  2 kobolds (D:1)
  A rat (D:1)
12 creatures vanquished.

Vanquished Creatures (others)
  4 toadstools (D:1)
4 creatures vanquished.

Grand Total: 16 creatures vanquished

Notes
Turn   | Place    | Note
-------+----------+-------------------------------------------
     0 | D:1      | Ijustatesigmund the Octopode Enchanter began the quest for the Orb.
     0 | D:1      | Reached XP level 1. HP: 11/11 MP: 3/3
    39 | D:1      | Reached skill level 1 in Fighting
    39 | D:1      | Reached XP level 2. HP: 18/18 MP: 5/5
    43 | D:1      | Learned a level 2 spell: Ensorcelled Hibernation
   238 | D:1      | Slain by a jackal

Vault maps used:
D:1:      ldierk_water_garden

Skill      XL: |  1 |
---------------+----+-----
Fighting       | 1 |  1.3
Short Blades   | |  1.8
Dodging        | |  2.0
Stealth        | |  4.0
Spellcasting   | |  2.0
Hexes          | |  3.0

Action                   || total
-------------------------++-------
Melee: Dagger            ||    32
       Constrict         ||     5
       Tentacles         ||     3
 Cast: Corona            ||     2
 Stab: Sleeping          ||     2
Armor: Skin              ||     7
Dodge: Dodged            ||    36
Block: Other             ||     8

Table legend:
 A = Spawn XP
 B = Non-spawn XP
 C = Spawn XP percentage of total XP
 D = Spawn monster count
 E = Non-spawn monster count
 F = Spawn count percentage of total count
 G = Total turns spent on level
                    A         B        C        D         E        F      G
               +---------+---------+-------+---------+---------+-------+---------
         Total |       0 |      21 |   0.0 |       0 |      12 |   0.0 |   238
               +---------+---------+-------+---------+---------+-------+---------
           D:1 |       0 |      21 |   0.0 |       0 |      12 |   0.0 |   238
               +---------+---------+-------+---------+---------+-------+---------
